 Dungeon Crawl Stone Soup version 0.15.0-11-g6f4f891 (webtiles) character file.

880 HungrySpirit the Cleaver (level 7, -11/59 HPs)
             Began as a Minotaur Monk on Aug 31, 2014.
             Mangled by an orc warrior
             ... wielding a +0 war axe
              (17 damage)
             ... on Level 6 of the Dungeon.
             The game lasted 00:09:46 (5725 turns).

HungrySpirit the Cleaver (Minotaur Monk)            Turns: 5725, Time: 00:09:47

HP -11/59        AC 11     Str 22      XL: 7   Next: 75%
MP   3/3         EV 10     Int  7      God:
Gold 105         SH  0     Dex 13      Spells:  0 memorised,  6 levels left

rFire  . . .     SeeInvis +     l - +1 hand axe
rCold  . . .     Clarity  .     g - +1 chain mail
rNeg   . . .     rCorr    .     (no shield)
rPois  .         rRot     .     (helmet restricted)
rElec  .         Spirit   .     (no cloak)
SustAb .         Warding  .     (no gloves)
rMut   .         Stasis   .     C - +0 pair of boots
Gourm  .                        (no amulet)
MR     .....                    n - ring of see invisible
                                r - +3 ring of evasion

@: mighty, not resistant to hostile enchantments, extremely unstealthy
A: retaliatory headbutt, horns 2
a: no special abilities


You were on level 6 of the Dungeon.
You were very full.

You visited 1 branch of the dungeon, and saw 6 of its levels.

You collected 253 gold pieces.
You spent 148 gold pieces at shops.

Inventory:

Hand weapons
 l - a +1 hand axe (weapon)
Missiles
 y - 2 throwing nets (quivered)
Armour
 g - a +1 chain mail (worn)
 C - a +0 pair of boots (worn)
Magical devices
 f - a wand of digging (14) {unknown}
Comestibles
 b - 3 bread rations
 u - 4 meat rations
 x - 3 beef jerkies
Scrolls
 a - 5 scrolls of remove curse
 c - a scroll of identify
 e - 3 scrolls of teleportation
 h - 2 scrolls of blinking
 k - a scroll of amnesia
 o - a scroll of enchant weapon
 A - a scroll of magic mapping
Jewellery
 j - an uncursed ring of flight
 n - a ring of see invisible (right hand)
 q - an uncursed ring of stealth
 r - a +3 ring of evasion (left hand)
Potions
 d - a potion of might
 i - a potion of resistance
 m - 3 potions of cancellation
 z - a potion of flight
 G - a potion of restore abilities {unknown}
 H - a potion of heal wounds {unknown}


   Skills:
 - Level 4.2 Fighting
 * Level 9.2 Axes
 - Level 4.0 Armour
 - Level 3.2 Dodging
 - Level 1.5 Stealth
 - Level 4.3 Unarmed Combat


You had 6 spell levels left.
You didn't know any spells.

Dungeon Overview and Level Annotations

Branches:
Dungeon (6/15)
 Temple: D:4-7

Altars:
Trog

Shops:
D:4 [   D:5 *


Innate Abilities, Weirdness & Mutations

You reflexively headbutt those who attack you in melee.
You have a pair of horns on your head.


Message History

The orc warrior hits you with a war axe!
You slash the orc warrior!
The orc warrior is heavily wounded.
You closely miss the orc warrior.
The orc warrior is heavily wounded.
The orc warrior hits you but does no damage.
Drink which item? (? for menu, Esc to quit)
You feel very mighty all of a sudden.
The orc warrior hits you with a war axe!
* * * LOW HITPOINT WARNING * * *
You closely miss the orc warrior.
The orc warrior is heavily wounded.
Drink which item? (? for menu, Esc to quit)
You feel better.
The orc warrior hits you with a war axe!
* * * LOW HITPOINT WARNING * * *
You miss the orc warrior.
The orc warrior is heavily wounded.
The orc warrior hits you with a war axe!
You die...

##################
........)........#
###...##########.#
#.....# #.#
##..>## #@# ##.##
#.o.# #.# #.....#
#.# #..._...#
##'## #..%....#
##...## #^#####+#
##.....## #######
#.......##
.........#


You could see an orc warrior.

Vanquished Creatures
  An ice beast (D:5)
  An ogre (D:5)
  Duvessa (D:6)
  3 vampire bats (D:3)
  2 crimson imps (D:5)
  Dowan (D:6)
  A giant frog skeleton (D:4)
  2 iguanas
  2 orc wizards
  2 worker ants
  An orc priest (D:3)
  A black bear skeleton (D:4)
  7 adders
  A worm (D:5)
  An adder zombie (D:5)
  3 giant geckos
  An ooze (D:1)
  10 orcs
  A ball python (D:5)
  18 bats
  6 giant cockroaches
  8 goblins
  3 hobgoblins
  9 jackals
  3 quokkas
  A giant cockroach zombie (D:5)
  5 giant newts
  A goblin zombie (D:5)
  9 kobolds
  7 rats
112 creatures vanquished.

Vanquished Creatures (others)
  An orc wizard (D:5)
1 creature vanquished.

Grand Total: 113 creatures vanquished

Notes
Turn   | Place    | Note
--------------------------------------------------------------
     0 | D:1      | HungrySpirit, the Minotaur Monk, began the quest for the Orb.
     0 | D:1      | Reached XP level 1. HP: 19/19 MP: 1/1
   131 | D:1      | Reached skill level 1 in Armour
   204 | D:1      | Reached XP level 2. HP: 27/27 MP: 1/1
  1246 | D:2      | Reached XP level 3. HP: 33/33 MP: 2/2
  1587 | D:2      | Reached skill level 1 in Axes
  1784 | D:3      | Reached XP level 4. HP: 31/40 MP: 2/2
  1796 | D:3      | Reached XP level 5. HP: 34/46 MP: 2/2
  3032 | D:4      | Reached skill level 5 in Axes
  3286 | D:4      | Reached XP level 6. HP: 48/52 MP: 3/3
  3381 | D:4      | Found Ciaga's Armour Shop.
  3884 | D:5      | Entered Level 5 of the Dungeon
  3907 | D:5      | Reached skill level 6 in Axes
  4372 | D:5      | Reached skill level 7 in Axes
  4372 | D:5      | Reached XP level 7. HP: 45/59 MP: 3/3
  4423 | D:5      | Found Threfef's Assorted Antiques.
  4431 | D:5      | Bought a scroll labeled GAOSUR VIOZOORCH for 19 gold pieces
  4431 | D:5      | Bought a fizzy pink potion for 17 gold pieces
  4431 | D:5      | Bought a scroll labeled LIDDEGEORE for 19 gold pieces
  4431 | D:5      | Bought a scroll labeled SKAMNINETT for 19 gold pieces
  4431 | D:5      | Bought a bubbling green potion for 17 gold pieces
  4431 | D:5      | Bought a glowing shortbow for 57 gold pieces
  4588 | D:5      | Reached skill level 8 in Axes
  5051 | D:6      | Noticed Duvessa
  5051 | D:6      | Noticed Dowan
  5069 | D:6      | Killed Dowan
  5082 | D:6      | Killed Duvessa
  5082 | D:6      | Reached skill level 9 in Axes
  5713 | D:6      | Found a bloodstained altar of Trog.
  5725 | D:6      | Mangled by an orc warrior

Action                   |  1- 3 |  4- 6 |  7- 9 || total
-------------------------+-------+-------+-------++-------
Melee: Unarmed           |    42 |       |       ||    42
       Hand axe          |    51 |   178 |    96 ||   325
Throw: Throwing net      |       |     1 |       ||     1
  Use: Scroll            |       |       |    12 ||    12
       Potion            |       |       |     8 ||     8
 Stab: Held in net/web   |       |     1 |       ||     1
  Eat: Chunk             |     2 |     9 |     2 ||    13
       Fruit             |       |       |    11 ||    11
       Pizza             |       |       |     1 ||     1
